 Dungeon Crawl Stone Soup version 0.22.1-1-ga44c0e5 (webtiles) character file.

2271 Folque the Slinger (level 9, -5/56 HPs)
             Began as a Halfling Hunter on Sept 25, 2018.
             Was a Follower of Uskayaw.
             Slain by a sixfirhy (9 damage)
             ... on level 7 of the Dungeon.
             The game lasted 00:39:57 (6754 turns).

Folque the Slinger (Halfling Hunter)                Turns: 6754, Time: 00:39:58

Health: -5/56      AC:  4    Str: 13    XL:     9   Next: 65%
Magic:  13/13      EV: 18    Int:  9    God:    Uskayaw [*.....]
Gold:   677        SH:  0    Dex: 18    Spells: 8/8 levels left

rFire    . . .     SeeInvis .   e - +0 rapier
rCold    . . .     Gourm    .   (shield restricted)
rNeg     . . .     Faith    .   c - +1 leather armour
rPois    .         Spirit   .   (no helmet)
rElec    .         Reflect  .   (no cloak)
rCorr    .         Harm     .   (no gloves)
MR       .....                  (no boots)
Stlth    +++.......             m - amulet of rage
HPRegen  0.18/turn              (no ring)
MPRegen  0.13/turn              (no ring)

@: about to teleport
A: small, mutation resistance 1
a: Stomp, Renounce Religion, Evoke Berserk Rage


You were on level 7 of the Dungeon.
You worshipped Uskayaw.
Uskayaw was noncommittal.
You were not hungry.

You visited 2 branches of the dungeon, and saw 8 of its levels.
You also visited: Ossuary.

You collected 707 gold pieces.
You spent 30 gold pieces at shops.

Inventory:

Hand Weapons
 e - a +0 rapier (weapon)
 g - the +4 rapier "Orb Guardian's Doom" {drain, +Rage rC+ Dex+2}
   (You found it on level 6 of the Dungeon)

   A truly terrible weapon, it drains the life of those it strikes.
   It affects your dexterity (+2).
   It protects you from cold.
   It lets you go berserk.
 o - a +0 blowgun
 t - a +0 short sword
 w - a +1 hunting sling of velocity
 C - a +1 hunting sling
Missiles
 a - 271 stones (quivered)
 q - 18 sling bullets
 u - 28 poisoned needles
 I - 4 tomahawks
 M - 4 needles of sleeping
Armour
 c - a +1 leather armour (worn)
 E - a +0 buckler
 K - a +3 leather armour
Jewellery
 k - an uncursed ring of stealth {unknown}
 m - an amulet of rage (around neck)
 B - a +3 ring of slaying {unknown}
Wands
 n - a wand of flame (34)
 r - a wand of acid (7)
Scrolls
 d - a scroll of teleportation
 h - 4 scrolls of identify
 j - a scroll of remove curse
 p - 2 scrolls of immolation {unknown}
 v - a scroll of fog {unknown}
 y - 2 scrolls of noise {unknown}
 z - a scroll of magic mapping {unknown}
 F - a scroll of acquirement {unknown}
 J - a scroll of random uselessness {unknown}
Potions
 b - 2 potions of mutation
 i - a potion of magic
 s - 2 potions of cancellation
 x - a potion of haste
 A - a potion of ambrosia {unknown}
 D - 2 potions of agility {unknown}
 H - a potion of invisibility {unknown}
 L - a potion of lignification {unknown}
Comestibles
 f - 16 rations


   Skills:
 - Level 3.0 Fighting
 * Level 6.4 Short Blades
 - Level 8.7(9.0) Slings
 - Level 2.3(4.5) Throwing
 - Level 3.0 Armour
 - Level 6.0 Dodging
 + Level 4.0 Stealth
 + Level 6.2 Invocations
 - Level 1.0 Evocations


You had 8 spell levels left.
You didn't know any spells.
Your spell library was empty.

Dungeon Overview and Level Annotations

Branches:
Dungeon (7/15)             Temple (1/1) D:4

Altars:
Ashenzari
Cheibriados
Dithmenos
Gozag
Hepliaklqana
Kikubaaqudgha
Makhleb
Nemelex Xobeh
Ru
Sif Muna
Uskayaw
Vehumet
Xom
The Shining One

Shops:
D:6 (   D:7 :

Annotations:
D:5 1 runed door, MalarOregon's ghost, novice MiBe


Innate Abilities, Weirdness & Mutations

You are small and have problems with some larger weapons.
You are somewhat resistant to further mutation.


Message History

Wield which item (- for none, * to show all)? (? for menu, Esc to quit)
Okay, then.
Wield which item (- for none, * to show all)? (? for menu, Esc to quit)
e - a +0 rapier (weapon)
The sixfirhy hits you! The sixfirhy shocks you! The sixfirhy hits you.
* * * LOW HITPOINT WARNING * * *
The sixfirhy shocks you!
* * * LOW HITPOINT WARNING * * *
You feel better.
The sixfirhy hits you but does no damage.
The sixfirhy closely misses you.
As you read the scroll labeled HOHIRAU IDWYET, it crumbles to dust.
You feel blessed for a moment.
It was a scroll of remove curse.
Okay, then.
As you read the scroll of teleportation, it crumbles to dust.
You feel strangely unstable.
You fail to use your ability.
The sixfirhy hits you!
* * * LOW HITPOINT WARNING * * *
The sixfirhy shocks you!
You die...

#......#...<..#
##.##########.#
#..........#.#
##.)#######.#.#
....#
#.#.########
....#
#.#.<#.....
..#.#
#.##...###.##
..#)#
#.##...3(#..#
#.#.# #.....@#
._..#
##..........#
#.#>#
#..........#
....#
#...########
....# #...#
###.# #...#
###.# #...#
....# #...#
#####


You could see a sixfirhy.

Vanquished Creatures
  Sigmund (D:6)
  A human (D:7)
  4 hogs (D:7)
  An ice beast (D:7)
  A black bear (D:7)
  2 ogres
  2 bullfrogs (D:6)
  3 scorpions
  2 wights (D:7)
  A howler monkey (D:4)
  2 crimson imps
  A hound (D:5)
  An orc priest (D:5)
  A bullfrog skeleton (D:5)
  2 centaur skeletons (D:4)
  4 orc wizards
  2 iguanas
  2 worker ants
  2 big kobold zombies (Ossuary)
  3 hound skeletons
  2 mummies (Ossuary)
  8 adders
  An ooze (D:2)
  2 adder skeletons (D:4)
  An adder zombie (D:5)
  A worm (D:3)
  2 dart slugs
  2 leopard geckos
  11 orcs
  4 ball pythons
  3 giant cockroaches
  3 gnoll zombies (Ossuary)
  9 goblins
  6 hobgoblins
  13 bats
  5 frilled lizards
  2 goblin zombies (Ossuary)
  5 hobgoblin zombies (Ossuary)
  9 kobolds
  2 leopard gecko skeletons (D:4)
  A leopard gecko zombie (D:5)
  2 orc zombies (Ossuary)
  A quokka skeleton (D:5)
  7 rats
140 creatures vanquished.

Vanquished Creatures (others)
  An orc (D:6)
  8 fungi (D:6)
  5 toadstools (D:1)
  A withered plant (D:5)
15 creatures vanquished.

Grand Total: 155 creatures vanquished

Notes
Turn   | Place    | Note
-------+----------+-------------------------------------------
     0 | D:1      | Folque the Halfling Hunter began the quest for the Orb.
     0 | D:1      | Reached XP level 1. HP: 14/14 MP: 1/1
    58 | D:1      | Reached skill level 6 in Slings
    74 | D:1      | Reached XP level 2. HP: 17/19 MP: 2/2
   406 | D:1      | Reached XP level 3. HP: 25/25 MP: 3/3
   822 | D:2      | Found a shattered altar of Ashenzari.
  1055 | D:2      | Reached XP level 4. HP: 29/31 MP: 4/4
  1613 | D:3      | Reached skill level 7 in Slings
  1711 | D:3      | Reached skill level 1 in Short Blades
  1711 | D:3      | Reached XP level 5. HP: 36/36 MP: 5/5
  2286 | D:4      | Reached XP level 6. HP: 37/42 MP: 6/6
  2552 | D:4      | Reached skill level 1 in Armour
  2664 | D:4      | Reached skill level 1 in Throwing
  2761 | D:4      | Found a staircase to the Ecumenical Temple.
  2773 | Temple   | Entered the Ecumenical Temple
  3193 | D:4      | Reached skill level 8 in Slings
  3193 | D:4      | Reached XP level 7. HP: 32/46 MP: 7/7
  3763 | D:5      | Entered Level 5 of the Dungeon
  3825 | D:5      | Found an ancient bone altar of Kikubaaqudgha.
  4886 | D:5      | Found a runed door.
  4890 | D:5      | Noticed MalarOregon's ghost (novice MiBe)
  4949 | D:6      | Found a sand-covered staircase.
  5068 | Temple   | Became a worshipper of Uskayaw the Reveler
  5175 | Ossuary  | Entered an ossuary
  5191 | Ossuary  | Reached * piety under Uskayaw
  5202 | Ossuary  | Reached ** piety under Uskayaw
  5256 | Ossuary  | Reached XP level 8. HP: 35/52 MP: 8/8
  5293 | Ossuary  | Reached skill level 1 in Evocations
  5293 | Ossuary  | Reached *** piety under Uskayaw
  5441 | D:6      | Noticed Sigmund
  5450 | D:6      | Killed Sigmund
  5450 | D:6      | Reached skill level 5 in Dodging
  5454 | D:6      | Reached **** piety under Uskayaw
  5482 | D:6      | Found a shimmering altar of Xom.
  5483 | D:6      | Found a burning altar of Makhleb.
  5520 | D:6      | Got an encrusted rapier
  5714 | D:6      | Found Yniliu's Weapon Shop.
  5726 | D:6      | Bought 4 needles of sleeping for 30 gold pieces
  5739 | D:6      | Identified the +4 rapier "Orb Guardian's Doom" {drain,
                  | +Rage rC+ Dex+2} (You found it on level 6 of the Dungeon)
  6065 | D:7      | Found Kouti's Book Shoppe.
  6229 | D:7      | Found a sparkling altar of Nemelex Xobeh.
  6231 | D:7      | Reached skill level 5 in Invocations
  6251 | D:7      | Reached XP level 9. HP: 56/56 MP: 12/12
  6344 | D:7      | Reached skill level 5 in Short Blades
  6349 | D:7      | HP: 2/56 [hog (8)]
  6515 | D:7      | Found a sacrificial altar of Ru.
  6742 | D:7      | Found a runed door.
  6747 | D:7      | Noticed a sixfirhy
  6754 | D:7      | Slain by a sixfirhy

Skill      XL: |  1  2  3  4  5  6  7  8  9 |
---------------+----------------------------+-----
Fighting       | 2 3 |  3.0
Slings         | 6 7 8 |  8.7
Short Blades   | 1 2 3 6 |  6.4
Dodging        | 3 4 6 |  6.0
Armour         | 1 3 |  3.0
Throwing       | 1 2 |  2.3
Evocations     | 1 |  1.0
Invocations    | 5 6 |  6.2
Stealth        | 4 |  4.0

Action                   |  1- 3 |  4- 6 |  7- 9 || total
-------------------------+-------+-------+-------++-------
Melee: Short sword       |   119 |    42 |       ||   161
       Rapier            |       |    66 |   239 ||   305
 Fire: Hunting sling     |     8 |    52 |   129 ||   189
       Blowgun           |       |    12 |     6 ||    18
Invok: Stomp             |       |       |    10 ||    10
       Line Pass         |       |       |     6 ||     6
  Use: Scroll            |       |       |    14 ||    14
       Potion            |       |       |     8 ||     8
 Stab: Sleeping          |     2 |     5 |     4 ||    11
       Distracted        |       |       |     2 ||     2
       Paralysed         |       |       |     1 ||     1
  Eat: Chunk             |       |     5 |    13 ||    18
       Ration            |       |     1 |       ||     1
Armor: Leather armour    |    31 |    21 |    32 ||    84
Dodge: Dodged            |    93 |    91 |   201 ||   385
